[Event "*** Titled Tuesday Blitz"]
[Site "Chess.com"]
[Date "2021.03.02"]
[Round "8"]
[White "Manukyan_Artak"]
[Black "Lyschko"]
[Result "1-0"]
[WhiteElo "2337"]
[BlackElo "2196"]
[TimeControl "180+1"]
[EndTime "11:29:38 PST"]
[Termination "Manukyan_Artak won by resignation"]

1. e4 Nf6 2. Nc3 d5 3. exd5 Nxd5 4. Bc4 Nb6 5. Bb3 Nc6 6. Qf3 e6 7. Nge2 Be7 8. h4 h5 9. d4 Nxd4 10. Nxd4 Qxd4 11. Bf4 Bd6 12. Bxd6 Qxd6 13. Ne4 Qe5 14. O-O-O Bd7 15. Ng5 Qf6 16. Qxb7 O-O 17. Qf3 Qxf3 18. Nxf3 Bc6 19. Rhg1 a5 20. a3 a4 21. Ba2 Rad8 22. Ne5 Be4 23. f3 Bf5 24. Nc6 Rd6 25. Ne7+ Kh8 26. Nxf5 exf5 27. Rxd6 cxd6 28. Rd1 Nc8 29. Rd4 g6 30. Rxa4 Kg7 31. Ra8 Re8 32.
Kd2 f4 33. b4 d5 34. Bxd5 Rd8 35.
c4 Kf6 36. Kc3 Ke5 37. a4 f6 38. a5 g5 39. hxg5 fxg5 40. Bb7 Rd1 41. Rxc8 Rg1 42. a6 Rxg2 43. a7 1-0

[Event "*** Titled Tuesday Blitz"]
[Site "Chess.com"]
[Date "2021.03.02"]
[Round "8"]
[White "francyIM"]
[Black "anon481216"]
[Result "1-0"]
[WhiteElo "2704"]
[BlackElo "2495"]
[TimeControl "180+1"]
[EndTime "11:29:40 PST"]
[Termination "francyIM won by resignation"]

1. e4 c5 2. Nf3 e6 3. c3 d5 4. exd5 Qxd5 5. d4 Nf6 6. Be3 cxd4 7. Qxd4 Nc6 8. Qxd5 Nxd5 9. Bd2 Be7 10. a3 f6 11. c4 Nb6 12. Nc3 Kf7 13. Be2 Rd8 14.
b4 e5 15. c5 Nd7 16. Bc4+ Kf8 17. Nd5 Nd4 18. Nxd4 exd4 19. Nxe7 Kxe7 20. f4 Nb8 21. Kf2 Nc6 22. Rhe1+ Kf8 23. b5 Ne7 24. c6 Nd5 25. Re4 bxc6 26. bxc6 d3 27. Rd4 Be6 28. Re1 Bf7 29. c7 Rd7 30. Bb4+ Kg8 31. Rxd3 Rc8 32. Red1 Rdxc7 33. Bxd5 Bxd5 34. Rxd5 Rc2+ 35. R1d2 1-0

[Event "*** Titled Tuesday Blitz"]
[Site "Chess.com"]
[Date "2021.03.02"]
[Round "8"]
[White "losersgame"]
[Black "turayev_shahruh17"]
[Result "0-1"]
[WhiteElo "2322"]
[BlackElo "2475"]
[TimeControl "180+1"]
[EndTime "11:29:40 PST"]
[Termination "turayev_shahruh17 won on time"]

1. d4 f5 2. Nc3 Nf6 3. Bg5 g6 4. f3 Bg7 5. e4 fxe4 6. fxe4 O-O 7. Bc4+ Kh8 8. Nf3 d6 9. Qd2 Nc6 10. O-O-O Bg4 11. Bh6 Nh5 12. Bxg7+ Kxg7 13. Ng5 e5 14.
Rdf1 Nf4 15. Nf7 Qe8 16. g3 Ne6 17. Qh6+ Kg8 18. Ng5 Qe7 19. Nd5 Qxg5+ 20. Qxg5 Nxg5 21. Nf6+ Kg7 22. Nxg4 Nxd4 23. c3 Ndf3 24. Bd3 h5 25. Ne3 c6 26. h4 Ne6 27. Kd1 Nc5 28. Bc2 d5 29. exd5 cxd5 30. Nxd5 Rad8 31. c4 e4 32. b4 Nd3 33. Bxd3 exd3 34. Rf2 Ne5 35. Rxf8 Rxf8 36. Ne3 Rf3 0-1

[Event "*** Titled Tuesday Blitz"]
[Site "Chess.com"]
[Date "2021.03.02"]
[Round "8"]
[White "BvsN"]
[Black "volunteers1998"]
[Result "0-1"]
[WhiteElo "2281"]
[BlackElo "2177"]
[TimeControl "180+1"]
[EndTime "11:29:40 PST"]
[Termination "volunteers1998 won by checkmate"]

1. c4 f5 2. d4 g6 3. h4 Nf6 4. Nc3 Bg7 5. h5 Nxh5 6. Rxh5 gxh5 7. e4 O-O 8. Qxh5 e6 9. Nf3 Qe8 10. Qh2 d6 11. Bd3 Nc6 12. Ne2 Bd7 13. a3 Qg6 14.
exf5 exf5 15. Nf4 Rae8+ 16. Be3 Qh6 17. Qg3 Kh8 18. O-O-O Rg8 19. Nh3 Qg6 20. Nhg5 Bh6 21. Rh1 Bxg5 22. Nxg5 Rg7 23. Qf4 Rxe3 24. fxe3 Qxg5 25.
Qf2 Qxg2 26. Qh4 Qg6 27. Kb1 Be6 28. d5 Ne5 29. dxe6 Nxd3 30. Qd8+ Rg8 31. e7 Qg7 32. e8=Q Qxb2# 0-1

[Event "*** Titled Tuesday Blitz"]
[Site "Chess.com"]
[Date "2021.03.02"]
[Round "8"]
[White "Diamantidis_13"]
[Black "eldur16"]
[Result "0-1"]
[WhiteElo "2432"]
[BlackElo "2552"]
[TimeControl "180+1"]
[EndTime "11:29:42 PST"]
[Termination "eldur16 won on time"]

1. d4 Nf6 2. c4 e6 3. g3 Bb4+ 4. Nd2 d5 5. Bg2 O-O 6. Nf3 c5 7. O-O Nc6 8. cxd5 exd5 9. a3 Bxd2 10. Bxd2 cxd4 11. Bb4 Re8 12. Bc5 Bg4 13. Bxd4 Nxd4 14. Nxd4 Qb6 15. f3 Bd7 16. Qd2 a5 17. Rac1 Rac8 18.
e3 h6 19. Rxc8 Rxc8 20. Rc1 Rxc1+ 21. Qxc1 Bc6 22. Bf1 Nd7 23. Qc3 Nc5 24. b4 axb4 25. Qxb4 Qa7 26. Kf2 Bd7 27. Be2 b6 28. h4 Qc7 29. Qd2 Qd6 30. Qb4 g5 31. hxg5 hxg5 32. Kg2 g4 33. fxg4 Qh6 0-1

[Event "*** Titled Tuesday Blitz"]
[Site "Chess.com"]
[Date "2021.03.02"]
[Round "8"]
[White "chescomhuynya"]
[Black "CzechmVIII"]
[Result "1/2-1/2"]
[WhiteElo "2548"]
[BlackElo "2248"]
[TimeControl "180+1"]
[EndTime "11:29:42 PST"]
[Termination "Game drawn by stalemate"]

1. e4 c5 2. Nf3 d6 3. d4 cxd4 4. Nxd4 Nf6 5. Nc3 g6 6. Be3 Bg7 7. f3 Nc6 8. Qd2 O-O 9. O-O-O d5 10. Kb1 Nxd4 11. e5 Nf5 12. exf6 exf6 13. Nxd5 Nxe3 14. Qxe3 Be6 15. Bc4 f5 16. Nf4 Qf6 17. c3 Bxc4 18. Rhe1 h5 19. Qe7 Qxe7 20. Rxe7 Ba6 21. Rdd7 Rad8 22. Rc7 Bf6 23. Red7 Rxd7 24. Rxd7 Rd8 25. Rc7 Rd2 26. a4 Be5 27. Rc8+ Kg7 28. Nh3 Rxg2 29. f4 Bf6 30. b4 Bd3+ 31. Kc1 Rc2+ 32. Kd1 Rxc3 33. Rb8 Be4 34. Nf2 Rf3 35. Ke2 Rxf4 36. Ra8 a6 37. b5 axb5 38. axb5 Rh4 39. Rb8 Rxh2 40. Ke3 Bg5+ 41. Ke2 Bh4 42. b6 Rxf2+ 43. Ke3 Rb2 44. Kf4 Rxb6 45. Rc8 Bf6 46. Rb8 Rb3 47.
Rg8+ Kh6 48. Rxg6+ fxg6 1/2-1/2

[Event "*** Titled Tuesday Blitz"]
[Site "Chess.com"]
[Date "2021.03.02"]
[Round "8"]
[White "SergeyShtyka"]
[Black "FlySooHigh"]
[Result "0-1"]
[WhiteElo "2464"]
[BlackElo "2690"]
[TimeControl "180+1"]
[EndTime "11:29:44 PST"]
[Termination "FlySooHigh won by resignation"]

1. e4 c5 2. Nf3 d6 3. d4 cxd4 4. Nxd4 Nf6 5. Nc3 g6 6. f4 Nc6 7. Nxc6 bxc6 8. e5 Nd7 9. exd6 exd6 10. Qd4 Nf6 11. Ne4 Be7 12. Nxf6+ Bxf6 13. Qe4+ Qe7 14.
Qxe7+ Kxe7 15. Bd3 Rb8 16. c3 Be6 17. Kd2 a5 18. Re1 Rb6 19. Kc2 Rhb8 20. f5 gxf5 21. Bxf5 h5 22. Bxe6 fxe6 23. b3 Rg8 24. g3 h4 25. Rg1 Rb5 26. Bd2 Rf5 27. gxh4 Rxg1 28. Rxg1 Rf2 29. h5 Rxh2 30. h6 Kf7 31. Kd3 e5 32. c4 d5 33. cxd5 cxd5 34. Bxa5 Rxa2 35. Bd2 e4+ 36. Ke3 Rb2 37. h7 Rxb3+ 38. Kf4 Rh3 39. Rb1 Rxh7 40. Rb7+ Kg6 41. Rxh7 Kxh7 42. Kf5 Kg7 43. Ke6 d4 44. Kd5 e3 45. Be1 d3 46.
Ke4 d2 47. Bxd2 exd2 48. Kf5 d1=Q 49. Ke4 Qd4+ 0-1

[Event "*** Titled Tuesday Blitz"]
[Site "Chess.com"]
[Date "2021.03.02"]
[Round "8"]
[White "Alniro4"]
[Black "akanga001"]
[Result "0-1"]
[WhiteElo "2250"]
[BlackElo "1974"]
[TimeControl "180+1"]
[EndTime "11:29:44 PST"]
[Termination "akanga001 won on time"]

1. e4 c6 2. d4 d5 3. Nd2 dxe4 4. Nxe4 Nf6 5. Nxf6+ gxf6 6. c3 Bf5 7. Nf3 Qd5 8. g3 Nd7 9. Bg2 Qc4 10. Qb3 Qxb3 11. axb3 Bd3 12. Bf4 a6 13. O-O-O Be4 14. Rhe1 f5 15. Nh4 Bxg2 16. Nxg2 e6 17. Ne3 O-O-O 18. Nc4 Be7 19. h4 h5 20. Bd6 Bf6 21. Bf4 Be7 22. b4 b5 23. Na5 Nb8 24. Bxb8 Kxb8 25. Nxc6+ Kb7 26. Nxd8+ Bxd8 27. d5 Re8 28. dxe6 fxe6 29.
Rd6 e5 30. Rh6 f4 31. gxf4 Bxh4 32. Rxh5 Bxf2 33. Re2 Bg3 34. Rexe5 Bxf4+ 35. Kc2 Rxe5 36. Rxe5 Bxe5 37. Kd3 Kc6 38. Ke4 Bh2 39. Kd4 Bg1+ 40. Ke4 Bf2 41. b3 Be1 42. Kd4 Bd2 43. Kd3 Be1 44. Kd4 Kd6 45. Kd3 Kd5 46. c4+ bxc4+ 0-1

[Event "*** Titled Tuesday Blitz"]
[Site "Chess.com"]
[Date "2021.03.02"]
[Round "8"]
[White "chessdjw"]
[Black "heyjohnnypark"]
[Result "1-0"]
[WhiteElo "2753"]
[BlackElo "2611"]
[TimeControl "180+1"]
[EndTime "11:29:45 PST"]
[Termination "chessdjw won by resignation"]

1. d4 Nf6 2. c4 g6 3. Nc3 d5 4. cxd5 Nxd5 5. e4 Nxc3 6. bxc3 Bg7 7. Bc4 O-O 8. Ne2 c5 9. O-O Nc6 10. Be3 Qc7 11. Rc1 Rd8 12. Bf4 Qd7 13. dxc5 Qe8 14. Qc2 Ne5 15. Bd5 e6 16. Bb3 Qc6 17. Bg5 Re8 18. Ba4 b5 19. cxb6 Qxb6 20. Bxe8 Ba6 21. Ba4 Bd3 22. Qd2 Qa6 23. Bd1 Qc4 24. Re1 Bxe4 25.
Bb3 Qc6 26. Nd4 Qb7 27. f3 Bd5 28. Bxd5 Qxd5 29. Bh4 Nc4 30. Qe2 Bh6 31. Rcd1 Rb8 32. Bf2 Rb2 33. Qe4 Qg5 34. Nxe6 Qb5 35. Rd8+ 1-0

[Event "*** Titled Tuesday Blitz"]
[Site "Chess.com"]
[Date "2021.03.02"]
[Round "8"]
[White "PowerThinking2650"]
[Black "rachidhuilda"]
[Result "1-0"]
[WhiteElo "2454"]
[BlackElo "2291"]
[TimeControl "180+1"]
[EndTime "11:29:45 PST"]
[Termination "PowerThinking2650 won by checkmate"]

1. e4 d5 2. exd5 Qxd5 3. Nc3 Qa5 4. d4 c6 5. Nf3 Nf6 6. Bc4 Bf5 7. Bd2 e6 8. Nd5 Qd8 9. Nxf6+ gxf6 10. Qe2 Bxc2 11. Bc3 Bg6 12. Nh4 Bg7 13. Nxg6 hxg6 14.
O-O-O Nd7 15. h4 Nb6 16. Bb3 Nd5 17. g4 Nxc3 18. bxc3 Qa5 19. Kb2 O-O-O 20. h5 gxh5 21. gxh5 f5 22. h6 Rxh6 23. Rxh6 Bxh6 24. Bxe6+ fxe6 25.
Qxe6+ Kb8 26. Qxh6 Qb5+ 27. Ka1 Qe2 28. Qf4+ Ka8 29.
Rd2 Qf1+ 30. Kb2 Qb5+ 31. Kc1 Qc4 32. Qe3 a5 33. Rb2 Rd5 34. Kd2 Ka7 35. Qe7 Qf1 36.
Qxb7# 1-0

[Event "*** Titled Tuesday Blitz"]
[Site "Chess.com"]
[Date "2021.03.02"]
[Round "8"]
[White "Ghost_Pepper"]
[Black "ellennilssen"]
[Result "0-1"]
[WhiteElo "2367"]
[BlackElo "2288"]
[TimeControl "180+1"]
[EndTime "11:29:45 PST"]
[Termination "ellennilssen won by resignation"]

1. e4 e6 2. d4 d5 3. Nc3 Bb4 4.
exd5 exd5 5. Bd3 Nc6 6. a3 Bd6 7. Nge2 Nge7 8. Nb5 Bg4 9. f3 Bh5 10. Nxd6+ Qxd6 11. Nf4 Bg6 12. Be3 Nf5 13. Bxf5 Bxf5 14.
Qd2 O-O-O 15. g4 Bd7 16. O-O-O Kb8 17. Kb1 Rde8 18. Nd3 Re7 19. Bg5 f6 20. Bf4 Qe6 21. Nc5 Qf7 22. Qd3 Bc8 23. Qb5 Ka8 24. a4 Nd8 25. Bg3 Ne6 26. h4 Nxc5 27. dxc5 c6 28. Qb4 Rhe8 29. Qf4 Bd7 30. Rd3 h6 31. h5 f5 32. g5 hxg5 33. Qxg5 Re2 34. Qf4 Qe7 35.
Rb3 Be6 36. Rh2 Rxh2 37. Bxh2 d4 38. Rd3 Bc4 39. Rd1 Qe2 40. Rc1 Qe3 41. Qd6 d3 42. Bf4 dxc2+ 43. Ka1 Qb3 0-1

[Event "*** Titled Tuesday Blitz"]
[Site "Chess.com"]
[Date "2021.03.02"]
[Round "8"]
[White "NateSolon"]
[Black "Kozok"]
[Result "1-0"]
[WhiteElo "2597"]
[BlackElo "2453"]
[TimeControl "180+1"]
[EndTime "11:29:46 PST"]
[Termination "NateSolon won by checkmate"]

1. d4 Nf6 2. c4 e6 3. Nf3 d5 4. g3 dxc4 5. Bg2 Bb4+ 6. Nbd2 c3 7. bxc3 Bxc3 8. Rb1 O-O 9. e3 Qd5 10. O-O Qxa2 11.
Ne5 c6 12. Qb3 Qxb3 13. Nxb3 Bb4 14. Nd3 Bd6 15. Na5 Nbd7 16. Nxb7 Bxb7 17. Rxb7 c5 18. Ba3 Rac8 19. Rxa7 Rfd8 20. Rc1 Bb8 21. Ra8 cxd4 22. Rxc8 Rxc8 23. exd4 Nb6 24. Ra6 Nbd5 25. Bc5 Bc7 26. h3 g6 27. Ra7 h5 28. Bf3 Rb8 29. Ne5 Rb3 30. Kg2 Rb2 31. Ra8+ Kg7 32. Bf8+ Kh7 33.
Nxf7 Ne3+ 34. Kg1 Rb1+ 35. Kh2 Bxg3+ 36. fxg3 Rb2+ 37. Kg1 Nf5 38. Ng5+ Kg8 39. Bh6+ Ne8 40. Rxe8# 1-0

[Event "*** Titled Tuesday Blitz"]
[Site "Chess.com"]
[Date "2021.03.02"]
[Round "8"]
[White "kuba2006"]
[Black "PawnEatingZombie"]
[Result "1-0"]
[WhiteElo "2384"]
[BlackElo "2208"]
[TimeControl "180+1"]
[EndTime "11:29:46 PST"]
[Termination "kuba2006 won on time"]

1. b3 e5 2. Bb2 Nc6 3. e3 d5 4. Bb5 Ne7 5. Bxe5 a6 6. Bxc6+ Nxc6 7. Bb2 Qg5 8. Qf3 Bg4 9. Qf4 Qg6 10. Be5 Qxc2 11. Nc3 Nxe5 12. Qxe5+ Be6 13. Qxc7 Bb4 14. Qxb7 Bxc3 15. Qxa8+ Ke7 16. Qb7+ Kf6 17. Rd1 Bxd2+ 18. Rxd2 Qc1+ 19. Rd1 Qc3+ 20. Kf1 Qc2 21. Re1 Bf5 22. Ne2 Bd3 23. g3 Be4 24. Rg1 Rc8 25. Qb6+ Ke7 26. Qd4 Qxa2 27. f3 Bb1 28. Kf2 Rc2 29. Qe5+ Kf8 30.
Qd6+ Ke8 31. Qxd5 1-0

[Event "*** Titled Tuesday Blitz"]
[Site "Chess.com"]
[Date "2021.03.02"]
[Round "8"]
[White "aljado"]
[Black "SlavenPastar"]
[Result "0-1"]
[WhiteElo "2137"]
[BlackElo "2563"]
[TimeControl "180+1"]
[EndTime "11:29:46 PST"]
[Termination "SlavenPastar won by resignation"]

1. e4 b6 2. d4 Bb7 3. Nc3 e6 4. Nf3 Bb4 5. Bd3 Nf6 6. Qe2 d5 7. exd5 Qxd5 8. O-O Bxc3 9. bxc3 Nbd7 10. c4 Qh5 11. Bf4 Rc8 12. Bg3 O-O 13. Rfe1 Rfd8 14. Ne5 Nxe5 15. dxe5 Qxe2 16. Rxe2 Nd7 17. a4 a5 18.
Ree1 Nc5 19. Bf1 Bc6 20. Bh4 Rd2 21. c3 Nxa4 22. Bg5 Rd7 23. Rac1 h6 24. Be3 Rcd8 25.
Bd4 Nc5 26. Be2 Nb3 27. Rb1 Nxd4 28. cxd4 Rxd4 29. c5 bxc5 30. Rec1 Rd2 31. Bf1 R8d5 32. f4 a4 33. g3 a3 34. Bg2 Rxg2+ 35. Kxg2 a2 36. Ra1 Rd2+ 37. Kg1 Bd5 38. Rxc5 c6 39. h4 h5 40. Kf1 Kh7 41. Rc3 Kg6 42. Ke1 Rh2 43. Rcc1 Kf5 44. Rd1 Kg4 45. Rac1 Kxg3 46. Rd3+ Kxf4 0-1

[Event "*** Titled Tuesday Blitz"]
[Site "Chess.com"]
[Date "2021.03.02"]
[Round "8"]
[White "AntonovaNadezhda"]
[Black "ViktoriyaTarasova"]
[Result "0-1"]
[WhiteElo "2132"]
[BlackElo "2284"]
[TimeControl "180+1"]
[EndTime "11:29:46 PST"]
[Termination "ViktoriyaTarasova won by resignation"]

1. d4 Nf6 2. Nf3 e6 3. e3 b6 4. Bd3 Bb7 5. Nbd2 d5 6. O-O Bd6 7. Re1 Ne4 8. Ne5 O-O 9. f3 Nxd2 10. Bxd2 f6 11. Ng4 c5 12. c3 Nd7 13. Qe2 Qc7 14. f4 Rae8 15. Qf2 e5 16. Bc2 e4 17. Qe2 cxd4 18.
exd4 Bxf4 19. Bxf4 Qxf4 20. Ne3 g6 21. Rf1 Qd6 22. g3 f5 23. c4 Nf6 24. Rac1 Kg7 25. b3 Rc8 26. Rcd1 Nd7 27. b4 Qxb4 28. cxd5 Qd6 29. Bb3 Nf6 30. Nc4 Qd8 31. Ne5 Bxd5 32.
Qa6 Qe7 33. Rc1 Bxb3 34. Rxc8 Rxc8 35. Qxc8 Be6 36. Qa6 Nd5 37. Rc1 e3 38. Qb5 f4 39.
gxf4 Nxf4 40. Nf3 Bd5 41. Ne5 Qg5+ 42. Kf1 Qg2+ 43. Ke1 Qd2+ 44. Kf1 Bg2+ 0-1

[Event "*** Titled Tuesday Blitz"]
[Site "Chess.com"]
[Date "2021.03.02"]
[Round "8"]
[White "shrek4life02"]
[Black "mishanick"]
[Result "0-1"]
[WhiteElo "2762"]
[BlackElo "3027"]
[TimeControl "180+1"]
[EndTime "11:29:48 PST"]
[Termination "mishanick won by checkmate"]

1. d4 Nf6 2. Bf4 e6 3. Nf3 b6 4. e3 Bb7 5. Be2 c5 6. h3 Be7 7. O-O O-O 8. c3 cxd4 9. exd4 d6 10.
Nbd2 Nbd7 11. Bh2 Re8 12. a4 a6 13. Nc4 Nf8 14. a5 b5 15. Nb6 Rb8 16. b3 N8d7 17. Nxd7 Qxd7 18. c4 bxc4 19. bxc4 Rec8 20. Rb1 Be4 21.
Rxb8 Rxb8 22. Bd3 Qc6 23. Qe2 Bxd3 24. Qxd3 Rc8 25. Rc1 Qa4 26. c5 Qxa5 27. c6 Nd5 28. Nd2 Nb4 29. Qf3 Qb6 30. d5 Nxd5 31. Qb3 Rxc6 32. Rxc6 Qxc6 33. Qb8+ Bf8 34. Bg3 e5 35. Kh2 a5 36. Qa7 a4 37. Ne4 h6 38. Bh4 Nf4 39. f3 d5 40. Nf2 a3 41. Ng4 Qc2 42. Bf2 Qb2 43. Qa8 a2 44. Bc5 Qxg2# 0-1

[Event "*** Titled Tuesday Blitz"]
[Site "Chess.com"]
[Date "2021.03.02"]
[Round "8"]
[White "MaxLeto"]
[Black "MillyNeuf"]
[Result "1-0"]
[WhiteElo "2426"]
[BlackElo "2278"]
[TimeControl "180+1"]
[EndTime "11:29:48 PST"]
[Termination "MaxLeto won on time"]

1. h4 d5 2. h5 c5 3. c3 Nc6 4. d4 cxd4 5. cxd4 h6 6. Nc3 Nf6 7.
e3 Bf5 8. Bd3 Bxd3 9. Qxd3 Rc8 10.
Nge2 e6 11. Bd2 a6 12. f3 b5 13. g4 Be7 14. Kf2 Nb4 15. Qb1 Qb6 16. Rg1 Nd7 17. a3 Nc6 18. Nf4 Na5 19. b3 Nc6 20.
Nd3 Nxd4 21. exd4 Qxd4+ 22. Be3 Bh4+ 23. Ke2 Qf6 24. Nd1 d4 25. Bd2 Ne5 26. Nxe5 Qxe5+ 27. Kf1 O-O 28. Qe4 Qxe4 29. fxe4 Rc2 30. Rg2 Rfc8 31. Ke2 Bg5 32. Kd3 1-0

[Event "*** Titled Tuesday Blitz"]
[Site "Chess.com"]
[Date "2021.03.02"]
[Round "8"]
[White "AniJak"]
[Black "LubovMarkelova"]
[Result "1-0"]
[WhiteElo "2321"]
[BlackElo "2205"]
[TimeControl "180+1"]
[EndTime "11:29:48 PST"]
[Termination "AniJak won by resignation"]

1. e4 e6 2. d4 d5 3. Nd2 c5 4. exd5 Qxd5 5. Ngf3 cxd4 6. Bc4 Qd6 7. O-O Nf6 8. Nb3 Nc6 9. Nbxd4 Nxd4 10. Nxd4 a6 11. c3 Qc7 12. Bb3 Bd6 13. h3 O-O 14. Bg5 Bd7 15. Bxf6 gxf6 16. Qf3 Bh2+ 17. Kh1 Be5 18. Rad1 f5 19. Qh5 Kh8 20. Nf3 Bf6 21. Ng5 Bxg5 22.
Qxg5 Rg8 23. Qf6+ Rg7 24. Rd3 Bc6 25. Rg3 Rg8 26. Rd1 Bd5 27. Bxd5 exd5 28. Rxd5 Qc6 29. Qxc6 bxc6 30. Rxg7 Kxg7 31. Rxf5 Kg6 32. Rc5 Rc8 33. Kh2 f6 34. Kg3 h5 35. Kf4 Rb8 36. b3 Rd8 37. Rxc6 Rd2 38. Rxa6 Rxf2+ 39. Kg3 Rc2 40. c4 h4+ 41. Kxh4 Rxg2 42. a4 Kf5 43. a5 Rg6 44. Rb6 Kf4 45. Kh5 Rg5+ 46. Kh6 Kf5 47. Rb5+ Kf4 48.
Rxg5 fxg5 49. a6 g4 50. hxg4 Kxg4 51. a7 1-0

[Event "*** Titled Tuesday Blitz"]
[Site "Chess.com"]
[Date "2021.03.02"]
[Round "8"]
[White "exoticprincess"]
[Black "olksuna"]
[Result "1-0"]
[WhiteElo "2981"]
[BlackElo "2681"]
[TimeControl "180+1"]
[EndTime "11:29:49 PST"]
[Termination "exoticprincess won on time"]

1. d4 Nf6 2. Nc3 d5 3. Bf4 a6 4. e3 e6 5. a3 c5 6. h3 Nc6 7.
Nf3 b5 8. Bd3 Bb7 9. O-O Be7 10.
dxc5 Bxc5 11. e4 dxe4 12. Nxe4 Be7 13. Qe2 O-O 14. Rfd1 Nd5 15. Bg3 Qb6 16. Nd6 Bxd6 17. Bxd6 Nd4 18. Bxh7+ Kxh7 19. Ng5+ Kg8 20. Qd3 f5 21.
Bxf8 Nf4 22. Qe3 Rxf8 23. Kh2 Qc6 24. f3 Nxc2 25. Qxf4 Nxa1 26. Qh4 Qc7+ 27. Kh1 g6 28. Nxe6 Qc2 29. Rd7 Qc1+ 30. Kh2 Rf7 31. Rd8+ 1-0

[Event "*** Titled Tuesday Blitz"]
[Site "Chess.com"]
[Date "2021.03.02"]
[Round "8"]
[White "MalyDominator"]
[Black "Chernov_Mikhail"]
[Result "0-1"]
[WhiteElo "2479"]
[BlackElo "2371"]
[TimeControl "180+1"]
[EndTime "11:29:49 PST"]
[Termination "Chernov_Mikhail won on time"]

1. e4 c5 2. Nf3 Nc6 3. d4 cxd4 4. Nxd4 Nf6 5. Nc3 d6 6. Bg5 e6 7. Qd2 a6 8. O-O-O Bd7 9. f4 b5 10. Bxf6 gxf6 11. Kb1 Qb6 12. Nce2 Qc5 13. h4 h5 14.
Rh3 Nxd4 15. Nxd4 b4 16. Re3 a5 17. Nf3 a4 18. e5 fxe5 19. Nxe5 a3 20. Bc4 Bb5 21.
Bb3 dxe5 22. Rxe5 Qb6 23. f5 Bg7 24. fxe6 Bxe5 25. exf7+ Kf8 26. Qd5 Qb8 27. Qe6 Ra6 28. Qf5 Rd6 29. Re1 Bxb2 0-1

[Event "*** Titled Tuesday Blitz"]
[Site "Chess.com"]
[Date "2021.03.02"]
[Round "8"]
[White "beto-betun"]
[Black "Fortitudine"]
[Result "0-1"]
[WhiteElo "2203"]
[BlackElo "2323"]
[TimeControl "180+1"]
[EndTime "11:29:50 PST"]
[Termination "Fortitudine won by resignation"]

1. d4 Nf6 2. Nf3 c5 3. g3 g6 4. Bg2 Bg7 5. O-O O-O 6. c4 cxd4 7. Nxd4 Nc6 8. Nc3 d6 9. h3 Bd7 10. Be3 Rc8 11. b3 b6 12. Rc1 Nxd4 13. Bxd4 Bc6 14.
Nd5 Bxd5 15. cxd5 Rxc1 16. Qxc1 Qc8 17. Qd2 Qf5 18. g4 Qd7 19. e4 h5 20. g5 Nh7 21.
Be3 Rc8 22. Rc1 f6 23. h4 fxg5 24. hxg5 Nf8 25. Kh2 Rxc1 26. Qxc1 Qg4 27. f3 Qd7 28. Qc6 Be5+ 29. Kg1 Kf7 30. f4 Bg7 31. Kh2 Qg4 32. Qc2 h4 33. Bh3 Qg3+ 34. Kh1 Qxh3+ 35. Kg1 Qxe3+ 0-1

[Event "*** Titled Tuesday Blitz"]
[Site "Chess.com"]
[Date "2021.03.02"]
[Round "8"]
[White "anpospan"]
[Black "gatocorbis"]
[Result "1-0"]
[WhiteElo "2376"]
[BlackElo "2084"]
[TimeControl "180+1"]
[EndTime "11:29:51 PST"]
[Termination "anpospan won on time"]

1. d4 Nf6 2. c4 c5 3. Nf3 g6 4. Nc3 Bg7 5. d5 d6 6. h3 O-O 7. Bf4 a6 8. a4 Nbd7 9. e4 Nh5 10. Bh2 Ne5 11. Nxe5 dxe5 12. Qd2 Qc7 13. g3 Bd7 14. Bg2 Rab8 15. O-O Nf6 16. g4 Ne8 17. f4 exf4 18.
Bxf4 Be5 19. Ne2 b5 20. axb5 axb5 21. Bxe5 Qxe5 22. Ra7 Bc8 23. Qc3 Qg5 24. e5 bxc4 25. Qg3 Rxb2 26. Nc3 Qd2 27. Rxe7 Rb3 28. Rf3 Qd4+ 29.
Kh2 Ng7 30. e6 fxe6 31. Rxf8+ Kxf8 32. Qd6 Ne8 33. Rxe8+ Kxe8 34. Ne4 Qe3 35. dxe6 1-0

[Event "*** Titled Tuesday Blitz"]
[Site "Chess.com"]
[Date "2021.03.02"]
[Round "8"]
[White "Piacramling"]
[Black "guillembaches"]
[Result "1-0"]
[WhiteElo "2344"]
[BlackElo "2450"]
[TimeControl "180+1"]
[EndTime "11:29:53 PST"]
[Termination "Piacramling won by resignation"]

1. d4 Nf6 2. c4 e6 3. Nc3 d5 4. Bg5 Be7 5. e3 O-O 6. Nf3 h6 7. Bxf6 Bxf6 8. Qc2 c5 9. dxc5 dxc4 10. Bxc4 Nd7 11.
c6 Nb6 12. Be2 bxc6 13. O-O Bb7 14. Ne4 Be7 15. Nc5 Qc7 16. Rac1 Rfc8 17. Nd4 Bd6 18. g3 Nd5 19. Bf3 Rab8 20. a3 Qb6 21. b4 Rc7 22.
Na4 Nxb4 23. axb4 Qxb4 24. Nc5 Bc8 25. Rb1 Bxc5 26. Rxb4 Bxb4 27. Nxc6 Rb6 28. Qa4 a5 29. Nxb4 axb4 30. Rb1 Ba6 31. Qa5 Rcb7 32. Bxb7 Rxb7 33.
Qxa6 Rb8 34. Qa5 b3 35. Qa3 Ra8 36. Qxa8+ 1-0

[Event "*** Titled Tuesday Blitz"]
[Site "Chess.com"]
[Date "2021.03.02"]
[Round "8"]
[White "Fiona"]
[Black "c_r_e_e_p_e_r"]
[Result "0-1"]
[WhiteElo "2268"]
[BlackElo "2420"]
[TimeControl "180+1"]
[EndTime "11:29:53 PST"]
[Termination "c_r_e_e_p_e_r won by resignation"]

1. e4 c5 2. Nc3 e6 3. f4 d5 4.
Nf3 dxe4 5. Nxe4 Nd7 6. Bc4 a6 7. a4 b6 8. d3 Bb7 9. O-O Ngf6 10. Qe1 Be7 11. Kh1 O-O 12. Ne5 Nxe4 13. Nxd7 Qxd7 14. dxe4 b5 15. axb5 axb5 16. Ba2 Qd4 17. e5 Bd5 18.
Be3 Qxb2 19. Bxd5 Rxa1 20. Qxa1 Qxa1 21. Rxa1 exd5 22. Ra7 Re8 23. Kg1 d4 24. Bd2 c4 25.
Kf1 c3 26. Be1 b4 27. Ke2 f6 28. Kd3 fxe5 29. fxe5 Bc5 30. Rc7 Rxe5 31. Bg3 Re3+ 32. Kc4 d3 33. cxd3 c2 34. Rxc5 c1=Q+ 35. Kb5 Qa3 36.
Rc8+ Kf7 37. Rc7+ Re7 38. Rc4 Qxd3 39. Bd6 Qxd6 0-1

[Event "*** Titled Tuesday Blitz"]
[Site "Chess.com"]
[Date "2021.03.02"]
[Round "8"]
[White "dodorox"]
[Black "canary2016"]
[Result "1-0"]
[WhiteElo "2153"]
[BlackElo "1981"]
[TimeControl "180+1"]
[EndTime "11:29:53 PST"]
[Termination "dodorox won by checkmate"]

1. d4 d5 2. c4 c6 3. cxd5 cxd5 4. Nc3 Nc6 5. Bf4 Nf6 6. e3 Bf5 7. Qb3 Qd7 8. Nf3 e6 9. Bb5 Rc8 10. Ne5 Qd8 11. Qa4 Qb6 12. Rc1 Be7 13. f3 O-O 14. g4 Bg6 15. g5 Nh5 16. Nd7 Qd8 17. Nxf8 Qxf8 18. Ne2 Bb4+ 19. Kf2 Nxf4 20. Nxf4 Bd6 21.
Bxc6 bxc6 22. Rxc6 Ra8 23. Rhc1 e5 24. dxe5 Bxe5 25.
Nxg6 hxg6 26. Qa6 Kh7 27. Rc8 Rxc8 28. Qxc8 Qb4 29. Qh3+ Kg8 30. Rc8+ Qf8 31. Rxf8+ Kxf8 32. Qd7 Bf6 33. gxf6 gxf6 34. Qxd5 Kg7 35. Qb7 a5 36. Qa7 g5 37. Qxa5 Kg6 38. Qb5 Kg7 39. e4 Kg6 40. Qf5+ Kg7 41. h4 gxh4 42. Kg2 Kh6 43. Kh3 Kg7 44. a4 Kg8 45. Qxf6 Kf8 46. Kxh4 Kg8 47.
Qe7 Kg7 48. Kg5 Kg8 49. Kf6 Kh8 50. Qf8+ Kh7 51. Qxf7+ Kh8 52. Qg7# 1-0

[Event "*** Titled Tuesday Blitz"]
[Site "Chess.com"]
[Date "2021.03.02"]
[Round "8"]
[White "paulrusan"]
[Black "ehrenfeld"]
[Result "1-0"]
[WhiteElo "2341"]
[BlackElo "2476"]
[TimeControl "180+1"]
[EndTime "11:29:54 PST"]
[Termination "paulrusan won by resignation"]

1. e4 e5 2. Nf3 Nc6 3. Bc4 Nf6 4. d3 Bc5 5. O-O d6 6. a4 a6 7. h3 Ba7 8. c3 O-O 9. Bg5 h6 10. Bh4 g5 11. Nxg5 hxg5 12. Bxg5 Kg7 13. Qf3 Be6 14. Na3 Nb8 15. Rad1 Nbd7 16. d4 Bxc4 17. Nxc4 exd4 18. cxd4 Qe8 19. e5 Nh7 20. Qg4 Kh8 21. Rfe1 d5 22.
Ne3 Qe6 23. Nf5 Rg8 24. h4 Rg6 25. f4 Rag8 26. Ne3 Qxg4 27. Nxg4 c6 28. f5 Rxg5 29.
hxg5 Rxg5 30. Ne3 Kg7 31. a5 Nhf8 32. b4 b6 33. axb6 Bxb6 34. Kf2 a5 35. bxa5 Bxa5 36. Rh1 Bb6 37. Kf3 c5 38. g4 cxd4 39. Nxd5 Nxe5+ 40. Kf4 Rxg4+ 41. Kxe5 Ba7 42. Rhg1 Rxg1 43. Rxg1+ Kh6 44. Nf6 1-0